 Dungeon Sprint DCSS version 0.29-a0-542-g075992c915 (webtiles) character file.

Game seed: 4021338907819994913

5500 mhtbhm the Bludgeoner (level 10, -1/172 HPs)
             Began as a Troll Berserker on June 4, 2022.
             Was a High Priest of Trog.
             Slain by a seven-headed hydra (6 damage)
             ... while petrified by a basilisk
             ... in the Dungeon (Sprint IX: "|||||||||||||||||||||||||||||").
             The game lasted 00:01:17 (686 turns).

mhtbhm the Bludgeoner (Troll Berserker)              Turns: 686, Time: 00:01:18

Health: -1/172     AC:  4    Str: 34    XL:     10   Next: 42%
Magic:  9/9        EV:  1    Int:  3    God:    Trog [*****.]
Gold:   0          SH:  0    Dex:  9    Spells: 9/9 levels left

rFire   . . .      SeeInvis .   a - +2 dire flail (vorpal)
rCold   . . .      Faith    .   (shield currently unavailable)
rNeg    + + +      Spirit   .   b - +0 animal skin
rPois   ∞          Reflect  .   (helmet restricted)
rElec   .          Harm     .   (no cloak)
rCorr   .          Rampage  .   (gloves unavailable)
Will    .....      NoTele   +   (boots unavailable)
Stlth   ..........              (no amulet)
HPRegen 1.18/turn               k - +2 ring of evasion
MPRegen 0.11/turn               l - +3 ring of strength

@: berserking (expiring), lethally poisoned (-1 -> -1), petrified
A: large, unfitting armour, claws 3, regeneration 1, shaggy fur 1, tough skin 1
a: Renounce Religion, Berserk, Trog's Hand, Brothers in Arms


You were in the Dungeon.
You worshipped Trog.
Trog was extremely pleased with you.
You visited 1 branch

Inventory:

Hand Weapons
 a - a +2 vorpal dire flail (weapon)
Armour
 b - a +0 animal skin (worn)
Jewellery
 k - a +2 ring of evasion (left claw)
 l - a +3 ring of strength (right claw)
Wands
 j - a wand of iceblast (10)
Scrolls
 h - 2 scrolls of blinking
 m - 7 scrolls of enchant armour
 n - a scroll of fear
 o - 2 scrolls of enchant weapon
Potions
 c - 8 potions of curing
 d - 7 potions of heal wounds
 e - 2 potions of haste
 f - 4 potions of magic
 g - a potion of berserk rage
 i - a potion of invisibility


   Skills:
 + Level 12.3 Fighting
 + Level 15.6 Maces & Flails
 + Level 10.5 Dodging


You had 9 spell levels left.
You didn't know any spells.
Your spell library was empty.

Dungeon Overview and Level Annotations

Branches:
Dungeon (1/1)

Altars:
Cheibriados
Dithmenos
Elyvilon
Fedhas
Gozag
Hepliaklqana
Kikubaaqudgha
Makhleb
Nemelex Xobeh
Okawaru
Qazlal
Ru
Sif Muna
Trog
Uskayaw
Vehumet
Wu Jian
Xom
Yredelemnul
Zin
The Shining One
Beogh
Jiyva
Lugonu


Innate Abilities, Weirdness & Mutations

You are too large for most types of armour.
You have claws for hands.
Your natural rate of healing is unusually fast.
You are covered in fur. (AC +1)
You have tough skin. (AC +1)


Message History

You have turned to stone.
The seven-headed hydra bites you! x2; The seven-headed hydra bites you.
The seven-headed hydra bites you! x4
The seven-headed hydra bites you! x2
The seven-headed hydra bites you but does no damage.
The seven-headed hydra bites you. The seven-headed hydra bites you!
The seven-headed hydra bites you. The seven-headed hydra bites you!
The blink frog blinks!
The seven-headed hydra bites you! The seven-headed hydra bites you.
* * * LOW HITPOINT WARNING * * *
The seven-headed hydra bites you.
* * * LOW HITPOINT WARNING * * *
The seven-headed hydra bites you!
* * * LOW HITPOINT WARNING * * *
The seven-headed hydra bites you.
The seven-headed hydra bites you but does no damage.
The seven-headed hydra bites you. The seven-headed hydra bites you!
* * * LOW HITPOINT WARNING * * *
The seven-headed hydra bites you!
* * * LOW HITPOINT WARNING * * *
The seven-headed hydra bites you!
* * * LOW HITPOINT WARNING * * *
The seven-headed hydra bites you.
* * * LOW HITPOINT WARNING * * *
The seven-headed hydra bites you!
* * * LOW HITPOINT WARNING * * *
The seven-headed hydra bites you.
* * * LOW HITPOINT WARNING * * *
The seven-headed hydra bites you!
* * * LOW HITPOINT WARNING * * *
The seven-headed hydra bites you!
* * * LOW HITPOINT WARNING * * *
The seven-headed hydra bites you.
* * * LOW HITPOINT WARNING * * *
The seven-headed hydra bites you but does no damage. x3
The seven-headed hydra bites you.
* * * LOW HITPOINT WARNING * * *
The seven-headed hydra bites you!
You die...

▓.▓_▓
▓F▓.▓_▓
▓F▓.▓_▓
▓h▓.▓_▓
▓S▓.▓_▓
▓S▓.▓_▓
▓h▓.▓_▓
▓D▓.▓_▓
▓@▓.▓_▓
▓.▓.▓_▓
▓.▓.▓_▓
▓.▓.▓_▓
▓.▓.▓_▓
▓.▓.▓_▓
▓.▓.▓_▓
▓†▓.▓_▓
▓†▓.▓_▓


You could see a seven-headed hydra, a polar bear, 2 black mambas, a cane toad, a
blink frog and a black bear.

Vanquished Creatures
  A hydra (D)
  A two-headed ogre (D)
  An ugly thing (D)
  2 manticores (D)
  2 komodo dragons (D)
  3 cane toads (D)
  An unseen horror (D)
  A polar bear (D)
  2 slime creatures (D)
  A shadow (D)
  A yak (D)
  A basilisk (D)
  A water moccasin (D)
  An orc warrior (D)
  An ice beast (D)
  A centaur (D)
  2 bullfrogs (D)
  A scorpion (D)
  A howler monkey (D)
  A hound (D)
  A white imp (D)
  An orc (D)
  A ball python (D)
  A bat (D)
  3 rats (D)
33 creatures vanquished.

Notes
Turn   | Place    | Note
-------+----------+-------------------------------------------
     0 | D        | mhtbhm the Troll Berserker began the quest for the Orb.
     0 | D        | Reached XP level 1. HP: 22/22 MP: 0/0
    13 | D        | Reached skill level 3 in Maces & Flails
    13 | D        | Reached ** piety under Trog
    25 | D        | Noticed a hound
    25 | D        | Noticed a scorpion
    25 | D        | Noticed an ice beast
    33 | D        | Killed an ice beast
    33 | D        | Reached *** piety under Trog
    34 | D        | Reached skill level 5 in Maces & Flails
    34 | D        | Reached XP level 2. HP: 33/33 MP: 1/1
    34 | D        | Reached XP level 3. HP: 41/41 MP: 2/2
    34 | D        | Reached XP level 4. HP: 49/49 MP: 3/3
    36 | D        | Killed a scorpion
    37 | D        | Reached skill level 5 in Fighting
    37 | D        | Reached skill level 6 in Maces & Flails
    37 | D        | Reached skill level 5 in Dodging
    37 | D        | Reached XP level 5. HP: 57/57 MP: 4/4
    49 | D        | Found a snail-covered altar of Cheibriados.
    49 | D        | Found a shadowy altar of Dithmenos.
    49 | D        | Found a white marble altar of Elyvilon.
    49 | D        | Found a blossoming altar of Fedhas.
    49 | D        | Found an opulent altar of Gozag.
    50 | D        | Found a hazy altar of Hepliaklqana.
    51 | D        | Found a viscous altar of Jiyva.
    52 | D        | Found an ancient bone altar of Kikubaaqudgha.
    53 | D        | Found a corrupted altar of Lugonu.
    54 | D        | Found a burning altar of Makhleb.
    55 | D        | Found a sparkling altar of Nemelex Xobeh.
    56 | D        | Found an iron altar of Okawaru.
    57 | D        | Found a stormy altar of Qazlal.
    58 | D        | Found a sacrificial altar of Ru.
    59 | D        | Found a shimmering blue altar of Sif Muna.
    60 | D        | Found a bloodstained altar of Trog.
    61 | D        | Found a hide-covered altar of Uskayaw.
    62 | D        | Found a radiant altar of Vehumet.
    63 | D        | Found an ornate altar of the Wu Jian Council.
    64 | D        | Found a shimmering altar of Xom.
    65 | D        | Found a basalt altar of Yredelemnul.
    66 | D        | Found a glowing silver altar of Zin.
    67 | D        | Found a glowing golden altar of the Shining One.
    97 | D        | Noticed an orc warrior
    97 | D        | Noticed a centaur
    97 | D        | Noticed a two-headed ogre
    97 | D        | Noticed a shadow
   101 | D        | Killed a shadow
   102 | D        | Reached skill level 8 in Maces & Flails
   102 | D        | Reached XP level 6. HP: 71/71 MP: 5/5
   105 | D        | Killed a two-headed ogre
   105 | D        | Reached **** piety under Trog
   106 | D        | Reached skill level 10 in Maces & Flails
   106 | D        | Reached XP level 7. HP: 81/81 MP: 6/6
   109 | D        | Killed an unseen horror
   110 | D        | Reached XP level 8. HP: 82/92 MP: 7/7
   117 | D        | Reached skill level 11 in Maces & Flails
   155 | D        | Noticed a slime creature
   155 | D        | Noticed a manticore
   155 | D        | Noticed a manticore
   155 | D        | Noticed a five-headed hydra
   155 | D        | Noticed a slime creature
   155 | D        | Noticed a red ugly thing
   167 | D        | Killed a red ugly thing
   168 | D        | Reached skill level 10 in Fighting
   318 | D        | Killed a slime creature
   319 | D        | Reached skill level 12 in Maces & Flails
   322 | D        | Killed a five-headed hydra
   322 | D        | Reached ***** piety under Trog
   323 | D        | Reached skill level 13 in Maces & Flails
   323 | D        | Reached XP level 9. HP: 102/102 MP: 8/8
   326 | D        | Killed a manticore
   332 | D        | Killed a manticore
   337 | D        | Reached skill level 14 in Maces & Flails
   591 | D        | Noticed a cane toad
   591 | D        | Noticed a komodo dragon
   591 | D        | Noticed a komodo dragon
   591 | D        | Noticed a cane toad
   595 | D        | Reached skill level 10 in Dodging
   597 | D        | Killed a cane toad
   598 | D        | Reached XP level 10. HP: 114/114 MP: 9/9
   598 | D        | Identified the +11 mace of Gufusix {antimagic, rElec} (Trog
                  | gifted it to you in the Dungeon)
   598 | D        | Received a gift from Trog
   605 | D        | Reached skill level 15 in Maces & Flails
   608 | D        | Killed a cane toad
   670 | D        | Noticed a black mamba
   670 | D        | Noticed a black mamba
   670 | D        | Noticed a cane toad
   671 | D        | Noticed a seven-headed hydra
   674 | D        | Killed a cane toad
   677 | D        | Noticed a cane toad
   686 | D        | HP: 8/172 [seven-headed hydra (3)]
   686 | D        | Slain by a seven-headed hydra

Illustrated notes

Levels and vault maps discovered:
D:        linesprint [early_d, line_temple, items_1, d_10, items_2, lair_1,
          lair_end, items_3, orc_1, orc_end, items_4, d_15, swamp_1, shoals_1,
          snake_1, spider_1, d_20, vaults_1, items_5, swamp_end, shoals_end,
          snake_end, spider_end, vaults_end, d_27, items_6, zot_1, zot_end,
          crypt_end, forest_end, elf_end, slime_end, tomb_end, abyss_end,
          pan_hell_end]

Skill      XL: |  1  2  3  4  5  6  7  8  9 10 |
---------------+-------------------------------+-----
Maces & Flails | 5 6 8 10 13 14 15 | 15.6
Fighting       | 4 5 7 8 9 10 11 12 | 12.3
Dodging        | 4 5 6 8 9 10 | 10.5

Action                   |  1- 3 |  4- 6 |  7- 9 | 10-12 || total
-------------------------+-------+-------+-------+-------++-------
Melee: Mace              |    21 |     7 |       |       ||    28
       Punch             |     1 |       |       |       ||     1
       Dire flail        |       |     7 |    45 |    33 ||    85
Invok: Berserk           |     1 |     1 |     3 |     1 ||     6
Armor: Animal skin       |     9 |     2 |     4 |    10 ||    25
Dodge: Dodged            |    11 |     4 |    10 |    15 ||    40

Table legend: (Time is in decaauts)
 A = Elapsed time spent in this place.
 B = Non-inter-level travel time spent in this place.
 C = Inter-level travel time spent in this place.
 D = Time resting spent in this place.
 E = Time spent auto-exploring this place.
 F = Levels seen in this place.
 G = Mean time per level.
                   A        B        C        D        E       F      G
               +--------+--------+--------+--------+--------+-----+--------+
         Total |    689 |    689 |      0 |    375 |     81 |   1 |  689.0 |
       Dungeon |    689 |    689 |      0 |    375 |     81 |   1 |  689.0 |
               +--------+--------+--------+--------+--------+-----+--------+

Top non-repeatable levels by time:
       D: 689 daAuts
